 Dungeon Crawl Stone Soup version 0.19-a0-1216-g363869b (webtiles) character file.

94601 Elitist the Nimble (level 15, -4/108 HPs)
             Began as a Deep Elf Necromancer on Aug 22, 2016.
             Was a High Priest of Kikubaaqudgha.
             Slain by Donald
             ... wielding a +1 broad axe of chopping
              (15 damage)
             ... on level 1 of the Snake Pit on Aug 23, 2016.
             The game lasted 02:46:15 (29486 turns).

Elitist the Nimble (Deep Elf Necromancer)          Turns: 29486, Time: 02:46:19

Health: -4/108     AC: 14    Str: 11    XL:     15   Next: 64%
Magic:  28/32      EV: 26    Int: 22    God:    Kikubaaqudgha [*****.]
Gold:   1395       SH:  0    Dex: 28    Spells: 9 memorised, 6 levels left

rFire  + . .     SeeInvis .     p - +9 dagger of Chilly Death {flash freeze, rPois rF- rC++ MR+}
rCold  + . .     Gourm    +     y - +0 troll leather armour
rNeg   . . .     Faith    .     (no shield)
rPois  +         Spirit   .     (helmet restricted)
rElec  .         Dismiss  .     e - +4 cloak "Uxaxud" {+Blink MR- rCorr Slay+3}
rCorr  +         Reflect  .     O - +0 pair of fencer's gloves {+Riposte Dex+6}
MR     ++++.     Harm     .     U - +2 pair of boots
Stlth  ++++++....               u - amulet of Recklessness {Gourm rPois Str+2 Dex-2}
                                K - ring "Yliud" {rPois rF+ MR++ Int-3 Dex+2}
                                w - ring "Womuydusk" {Fire *Contam Str+4 Dex+7 Stlth+}

@: no status effects
A: fangs 1, horns 1, blurry vision 2, magic resistance 1, poison resistance,
robust 2, screaming 1, weak 1, subdued magic 1, sturdy frame 2
a: Receive Corpses, Torment, Renounce Religion, Evoke Blink


You were on level 1 of the Snake Pit.
You worshipped Kikubaaqudgha.
Kikubaaqudgha was extremely pleased with you.
You were not hungry.

You visited 5 branches of the dungeon, and saw 25 of its levels.
You also visited: Trove and Ossuary.

You collected 2487 gold pieces.
You spent 1092 gold pieces at shops.

Inventory:

Hand Weapons
 p - the +9 dagger of Chilly Death (weapon) {flash freeze, rPois rF- rC++ MR+}
   (You found it on level 3 of the Lair of Beasts)

   It has been specially enchanted to freeze those struck by it, causing extra
   injury to most foes and up to half again as much damage against particularly
   susceptible opponents.
   It can also slow down cold-blooded creatures.
   It makes you vulnerable to fire.
   It greatly protects you from cold.
   It protects you from poison.
   It affects your resistance to hostile enchantments.
Missiles
 i - 21 tomahawks (quivered)
Armour
 e - the +4 cloak "Uxaxud" (worn) {+Blink MR- rCorr Slay+3}
   (You acquired it on level 9 of the Dungeon)

   It affects your accuracy and damage with ranged weapons and melee attacks
   (+3).
   It affects your resistance to hostile enchantments.
   It lets you blink.
   It protects you from acid and corrosion.
 y - a +0 troll leather armour (worn)
 O - the +0 pair of fencer's gloves (worn) {+Riposte Dex+6}
   (You found it on level 8 of the Dungeon)

   It affects your dexterity (+6).
 R - a +2 helmet of see invisible
 U - a +2 pair of boots (worn)
Jewellery
 u - the amulet of Recklessness (around neck) {Gourm rPois Str+2 Dex-2}
   (You found it in a treasure trove)

   [amulet of the gourmand]

   It allows you to eat raw meat even when not hungry.
   It affects your strength (+2).
   It affects your dexterity (-2).
   It protects you from poison.
 w - the ring "Womuydusk" (left hand) {Fire *Contam Str+4 Dex+7 Stlth+}
   (You found it in a treasure trove)

   [ring of fire]

   It enhances your fire magic.
   It affects your strength (+4).
   It affects your dexterity (+7).
   It protects you from fire.
   It makes you vulnerable to cold.
   It causes magical contamination when unequipped.
   It makes you more stealthy.
 A - the ring "Uwacurep" {EV+5 Dex+3}
   (You bought it in a shop on level 13 of the Dungeon)

   [ring of evasion]

   It affects your evasion (+5).
   It affects your dexterity (+3).
 K - the ring "Yliud" (right hand) {rPois rF+ MR++ Int-3 Dex+2}
   (You found it in a treasure trove)

   [ring of poison resistance]

   It affects your intelligence (-3).
   It affects your dexterity (+2).
   It protects you from fire.
   It protects you from poison.
   It affects your resistance to hostile enchantments.
Wands
 h - a wand of paralysis (7/24)
 q - a wand of lightning (6/15)
 H - a wand of paralysis (7/24)
 V - a wand of heal wounds (3/9)
Scrolls
 b - 7 scrolls of amnesia
 f - a scroll of identify
 o - a scroll of vulnerability
 F - 3 scrolls of fog
 J - 4 scrolls of magic mapping
 N - 8 scrolls of remove curse
Potions
 a - 2 potions of cure mutation
 g - 3 potions of agility
 j - 7 potions of heal wounds
 m - 2 potions of magic
 r - a potion of lignification
 x - a potion of haste
 C - 10 potions of curing
 S - a potion of cancellation
 T - 4 potions of ambrosia
Books
 d - a book of Flames

   Spells                             Type                      Level
   a - Flame Tongue                   Conjuration/Fire             1
   b - Throw Flame                    Conjuration/Fire             2
   c - Conjure Flame                  Conjuration/Fire             3
   d - Inner Flame                    Hexes/Fire                   3
   e - Sticky Flame                   Conjuration/Fire             4
   f - Fireball                       Conjuration/Fire             5
Comestibles
 c - 11 bread rations
 z - 6 slices of pizza


   Skills:
 - Level 9.0 Fighting
 - Level 8.8(11.2) Short Blades
   Level 10.3(11.4) Long Blades
 - Level 6.1 Armour
 * Level 13.2 Dodging
 - Level 9.8 Stealth
 - Level 11.4 Spellcasting
 - Level 7.0 Conjurations
 - Level 3.0 Charms
 - Level 5.2 Summonings
 - Level 12.0 Necromancy
 - Level 8.1 Ice Magic


You had 6 spell levels left.
You knew the following spells:

 Your Spells              Type           Power        Failure   Level  Hunger
a - Simulacrum            Ice/Necr       #####.....   14%         6    #####..
b - Vampiric Draining     Necr           ######....   1%          3    None
c - Regeneration          Chrm/Necr      #####.....   1%          3    None
d - Summon Ice Beast      Ice/Summ       ####....     2%          4    None
e - Pain                  Necr           ####         1%          1    None
f - Repel Missiles        Chrm/Air       ##....       4%          2    None
g - Sublimation of Blood  Necr           ######....   1%          2    None
x - Bolt of Draining      Conj/Necr      #####.....   2%          5    ####...
z - Animate Dead          Necr           N/A          1%          4    None


Dungeon Overview and Level Annotations

Branches:
Dungeon (15/15)            Temple (1/1) D:4            Lair (6/6) D:8
  Swamp (0/4) Lair:4        Snake (1/4) Lair:2        Slime (0/5) Lair:6
    Orc (2/2) D:11            Elf (0/3) Orc:2        Vaults (0/5) D:14
 Depths (0/5) D:15

Altars:
Ashenzari
Cheibriados
Dithmenos
Elyvilon
Fedhas
Gozag
Hepliaklqana
Kikubaaqudgha
Makhleb
Nemelex Xobeh
Okawaru
Qazlal
Ru
Sif Muna
Trog
Uskayaw
Vehumet
Xom
Yredelemnul
Zin
The Shining One
Jiyva

Shops:
D:13 =   Orc:2 *(%=

Annotations:
Lair:6 1 runed door
Snake:1 Donald


Innate Abilities, Weirdness & Mutations

You have very sharp teeth.
You have a pair of small horns on your head.
Scrolls take you longer to read.
You are resistant to hostile enchantments. (MR+)
Your system is resistant to poisons. (rPois)
You are very robust. (+20% HP)
You occasionally shout uncontrollably at your foes.
You are weak. (Str -2)
Your spells are a little easier to cast, but a little less powerful.
Your movements are less encumbered by armour. (ER -4)


Message History

Things that are here:
2 bolts; 2 potions of cure mutation
Press: ? - help, v - describe, . - travel
Here: a naga sharpshooter, wielding a shortbow (lightly wounded, catching its breath)
The floor.
Unknown command.
Okay, then.
Evoke which item? (* to show all) (? for menu, Esc to quit)
Okay, then.
Okay, then.
Really read with blurry vision while enemies are nearby?
The naga warrior is no longer encased in ice.
The naga sharpshooter mumbles some strange words.
The naga sharpshooter magically shoots an arrow.
The arrow hits you!
* * * LOW HITPOINT WARNING * * *
You begin reading the scroll.
You continue reading the scroll.
Donald hits you with a broad axe of chopping!
You die...
Kikubaaqudgha rasps: "You have failed me!
Welcome... death!"

##.....$... ..
#.............
#.......# !...
#.......##...#
###...!.......
##(.........
#...........
#...........
##..@.......
#..@.......
##..........
#..%N.......
##.NNS......
#.(.(.......
#(....S.....
#..!).......
#.((.).....#


You could see a naga warrior, Donald, 2 naga sharpshooters and 2 black mambas.

Vanquished Creatures
  Frances (D:13)
  Nessos (D:15)
  The ghost of Fhqwhgads the Geomancer, a journeyman GrEE of Cheibriados (Snake:1)
  Josephine (D:14)
  Erolcha (Orc:2)
  2 ice dragons (Lair:3)
  8 hydras
  A naga warrior (Snake:1)
  A vault guard (D:14)
  An anaconda (Snake:1)
  2 centaur warriors (D:15)
  2 catoblepae (Lair:6)
  2 ogre magi (Orc:2)
  3 death yaks (Lair:6)
  A vampire mage (D:15)
  Sonja (D:14)
  A skeletal warrior (D:15)
  A fire crab (Lair:6)
  A deep troll (Orc:2)
  3 unseen horrors
  A wizard (D:14)
  3 hill giants
  Pikel (D:9)
  3 necromancers
  A wolf spider zombie (D:15)
  3 griffons
  2 fire giant zombies (D:15)
  3 deep elf magi
  9 ugly things
  A manticore (D:14)
  4 cyclopes
  A stone giant skeleton (D:15)
  13 elephants
  2 centaur zombies
  3 black mambas
  A kobold demonologist (D:15)
  5 spiny frogs
  5 rime drakes
  8 komodo dragons
  The ghost of ishanyx the Skirmisher, an amateur HOFi of Beogh (D:7)
  A guardian mummy (D:15)
  11 trolls
  A polar bear (Lair:4)
  7 two-headed ogres
  A wolf spider simulacrum (D:13)
  Grinder (D:5)
  10 blink frogs (Lair:5)
  2 slime creatures (D:12)
  2 boulder beetles (Lair:4)
  A vampire (D:14)
  2 shadows (D:15)
  8 wraiths
  2 wyverns
  50 yaks
  3 basilisks
  15 humans (D:14)
  2 hungry ghosts
  8 hippogriffs
  3 vampire mosquitoes (D:15)
  3 wargs (Orc:1)
  A mottled dragon (D:14)
  Edmund (D:8)
  4 nagas
  A soldier ant (D:15)
  9 water moccasins
  3 porcupines
  A slave (D:9)
  16 ice beasts
  4 sky beasts
  2 phantoms
  A black bear (D:9)
  A wasp (D:11)
  An eye of draining (D:15)
  11 orc warriors
  20 ogres
  3 wolves (Lair:4)
  8 centaurs
  9 crocodiles
  14 giant frogs
  7 big kobolds
  A water moccasin zombie (D:8)
  A water moccasin skeleton (D:7)
  6 killer bees
  3 scorpions
  11 wights
  An electric eel (Lair:4)
  4 howler monkeys
  7 crimson imps
  A quasit (D:8)
  4 hounds
  2 giant frog zombies
  A wasp zombie (D:11)
  A jelly (D:6)
  9 orc priests
  6 centaur skeletons
  Jessica (D:3)
  2 giant frog skeletons
  5 iguanas
  17 orc wizards
  10 worker ants
  19 sheep
  5 big kobold zombies (Ossuary)
  A hound skeleton (D:5)
  A mummy (Ossuary)
  3 worker ant zombies
  9 adders
  30 river rats
  3 shadow imps
  An adder skeleton (D:7)
  3 worms
  A dart slug (D:4)
  4 giant geckos
  30 orcs
  3 ball pythons
  6 bats
  6 giant cockroaches
  7 gnoll zombies (Ossuary)
  9 goblins
  10 hobgoblins
  12 jackals
  21 kobolds
  2 quokkas
  A ball python skeleton (D:4)
  A ball python zombie (D:6)
  3 giant newts
  A goblin simulacrum (Ossuary)
  5 goblin zombies (Ossuary)
  7 hobgoblin zombies (Ossuary)
  2 kobold zombies (Ossuary)
  4 orc zombies (Ossuary)
  2 quokka skeletons
  6 rats
  2 plants (D:9)
668 creatures vanquished.

Vanquished Creatures (collateral kills)
  A stone giant (Orc:2)
  Snorg (D:14)
  A hydra (Lair:6)
  A vault guard (D:14)
  A catoblepas (Lair:6)
  10 death yaks (Lair:6)
  An orc high priest (Orc:2)
  Urug (D:11)
  A deep troll (Orc:2)
  2 hill giants (Orc:2)
  An oklob plant (Lair:2)
  An ugly thing (D:12)
  3 elephants
  2 spiny frogs (Lair:6)
  2 rime drakes
  2 komodo dragons
  3 two-headed ogres (Orc:2)
  2 trolls (Orc:2)
  4 blink frogs (Lair:5)
  A wyvern (Lair:5)
  8 yaks
  5 humans (D:14)
  A basilisk (Lair:5)
  A hippogriff (D:10)
  A naga (Snake:1)
  3 porcupines
  2 water moccasins (Lair:6)
  A black bear (D:10)
  An eye of draining (D:14)
  A phantom (D:9)
  5 ice beasts (Lair:3)
  4 ogres (Orc:2)
  4 crocodiles
  2 centaurs
  2 big kobolds
  A scorpion (D:12)
  5 killer bees
  5 wights
  A crimson imp (D:6)
  A giant frog zombie (D:8)
  A giant frog skeleton (D:8)
  3 iguanas
  2 orc wizards
  A worker ant (D:10)
  8 sheep
  A worker ant zombie (D:9)
  16 river rats
  An adder skeleton (D:6)
  3 orcs
  A giant gecko zombie (D:6)
  A quokka skeleton (D:6)
  A bush (Lair:6)
  8 fungi
  5 plants
147 creatures vanquished.

Vanquished Creatures (others)
  A tengu zombie (D:15)
  2 slaves
  A scorpion (D:9)
  A jelly (D:10)
  7 fungi
  A plant (Lair:5)
  4 withered plants (D:15)
17 creatures vanquished.

Grand Total: 832 creatures vanquished

Notes
Turn   | Place    | Note
-------+----------+-------------------------------------------
     0 | D:1      | Elitist the Deep Elf Necromancer began the quest for the Orb.
     0 | D:1      | Reached XP level 1. HP: 10/10 MP: 6/6
   270 | D:1      | Reached skill level 5 in Necromancy
   482 | D:1      | Reached XP level 2. HP: 15/15 MP: 6/8
  1366 | D:2      | Reached XP level 3. HP: 18/19 MP: 7/10
  1371 | D:2      | Learned a level 3 spell: Vampiric Draining
  1375 | D:2      | Learned a level 3 spell: Regeneration
  1849 | D:2      | Reached skill level 1 in Charms
  2317 | D:3      | Reached XP level 4. HP: 17/24 MP: 6/12
  2425 | D:3      | Learned a level 4 spell: Animate Dead
  2532 | D:3      | Noticed Jessica
  2537 | D:3      | Killed Jessica
  2729 | D:3      | Reached skill level 5 in Spellcasting
  2729 | D:3      | Reached XP level 5. HP: 23/28 MP: 7/14
  3318 | D:4      | Found a sand-covered staircase.
  3323 | Ossuary  | Entered an ossuary
  4363 | Ossuary  | Reached XP level 6. HP: 20/32 MP: 16/16
  5343 | D:4      | Reached skill level 1 in Fighting
  5486 | D:4      | Reached XP level 7. HP: 32/38 MP: 11/18
  5580 | D:5      | Entered Level 5 of the Dungeon
  5734 | D:5      | Noticed Grinder
  6069 | D:6      | Found an opulent altar of Gozag.
  6071 | D:6      | Found a radiant altar of Vehumet.
  6209 | D:6      | Found a sparkling altar of Nemelex Xobeh.
  6212 | D:6      | Found an ancient bone altar of Kikubaaqudgha.
  6343 | D:7      | HP: 2/40 [water moccasin skeleton (4)]
  6535 | D:5      | Found Naihao's General Store.
  6547 | D:5      | Reached XP level 8. HP: 22/45 MP: 11/19
  6655 | D:5      | Found a deep blue altar of Sif Muna.
  6842 | D:5      | Reached skill level 10 in Necromancy
  7201 | D:5      | Paralysed by Grinder for 2 turns
  7235 | D:5      | Killed Grinder
  7954 | D:4      | Found a staircase to the Ecumenical Temple.
  8025 | Temple   | Entered the Ecumenical Temple
  8312 | D:7      | Noticed ishanyx's ghost (amateur HOFi)
  8327 | D:7      | Killed ishanyx's ghost
  8380 | D:7      | Upgraded the game from 0.19-a0-1213-g90c832c to 0.19-a0-1216-g363869b
  8385 | D:7      | Gained mutation: Your mind is acute. (Int +2) [potion of mutation]
  8385 | D:7      | Gained mutation: You occasionally shout uncontrollably at your foes. [potion of mutation]
  8386 | D:7      | Gained mutation: Scrolls take you a little longer to read. [potion of mutation]
  8386 | D:7      | Gained mutation: You are frail. (-10% HP) [potion of mutation]
  8386 | D:7      | Gained mutation: You tend to lose your temper in combat. [potion of mutation]
  8387 | D:7      | Lost mutation: You are frail. (-10% HP) [potion of cure mutation]
  8387 | D:7      | Lost mutation: Your mind is acute. (Int +2) [potion of cure mutation]
  8387 | D:7      | Lost mutation: You occasionally shout uncontrollably at your foes. [potion of cure mutation]
  8387 | D:7      | Lost mutation: You tend to lose your temper in combat. [potion of cure mutation]
  8579 | D:7      | Reached XP level 9. HP: 45/53 MP: 6/21
  8583 | D:7      | Gained mutation: You are resistant to hostile enchantments. (MR+) [potion of mutation]
  8583 | D:7      | Gained mutation: You are robust. (+10% HP) [potion of mutation]
  8583 | D:7      | Gained mutation: Potions and wands are less effective at restoring your health. [potion of mutation]
  8997 | D:8      | Reached skill level 5 in Fighting
 10066 | D:6      | Found a burning altar of Makhleb.
 10074 | D:6      | Became a worshipper of Kikubaaqudgha
 10130 | D:7      | Gained mutation: You are dopey. (Int -2) [mutagenic meat]
 10133 | D:7      | Gained mutation: You are weak. (Str -2) [mutagenic meat]
 10136 | D:7      | Gained mutation: You have very sharp teeth. [mutagenic meat]
 10139 | D:7      | Gained mutation: You are very robust. (+20% HP) [mutagenic meat]
 10142 | D:7      | Gained mutation: Your spells are a little easier to cast, but a little less powerful. [mutagenic meat]
 10319 | D:8      | Noticed Edmund
 10335 | D:8      | Killed Edmund
 10735 | D:8      | Found a staircase to the Lair.
 10810 | D:8      | Noticed a two-headed hydra
 10815 | D:8      | Killed a one-headed hydra
 10815 | D:8      | Reached skill level 1 in Armour
 10815 | D:8      | Reached skill level 3 in Dodging
 10815 | D:8      | Reached XP level 10. HP: 54/73 MP: 18/25
 11048 | D:9      | Reached * piety under Kikubaaqudgha
 11048 | D:9      | Identified Kikubaaqudgha's Compendium of Stolen Souls (Kikubaaqudgha gifted it to you on level 9 of the Dungeon)
 11048 | D:9      | Received a gift from Kikubaaqudgha
 11048 | D:9      | Reached skill level 4 in Dodging
 11139 | D:9      | Noticed Pikel
 11156 | D:9      | Killed Pikel
 11862 | D:9      | Identified a scroll of acquirement
 11862 | D:9      | Got a slimy cloak
 11868 | D:9      | Identified the +4 cloak "Uxaxud" {+Blink MR- rCorr Slay+3} (You acquired it on level 9 of the Dungeon)
 11970 | D:10     | Entered Level 10 of the Dungeon
 12049 | D:10     | Reached skill level 5 in Dodging
 12543 | D:11     | Reached skill level 5 in Long Blades
 12639 | D:11     | Found a staircase to the Orcish Mines.
 12640 | D:11     | Found a portal to a secret trove of treasure.
 12765 | D:11     | Noticed an unseen horror
 12784 | D:11     | Killed an unseen horror
 12784 | D:11     | Reached skill level 6 in Dodging
 12784 | D:11     | Reached skill level 10 in Spellcasting
 12784 | D:11     | Reached XP level 11. HP: 69/79 MP: 23/27
 12924 | D:11     | Reached ** piety under Kikubaaqudgha
 12930 | D:11     | Found a deep blue altar of Sif Muna.
 13235 | D:11     | Noticed Urug
 13490 | D:12     | Noticed a hill giant
 13502 | D:12     | Killed a hill giant
 13574 | D:12     | HP: 1/79 [yak (14)]
 13923 | D:12     | Reached skill level 7 in Dodging
 13930 | D:12     | Lost mutation: You are dopey. (Int -2) [mutagenic meat]
 13933 | D:12     | Gained mutation: Scrolls take you longer to read. [mutagenic meat]
 13936 | D:12     | Lost mutation: Potions and wands are less effective at restoring your health. [mutagenic meat]
 13939 | D:12     | Gained mutation: Your magical capacity is low. (-10% MP) [mutagenic meat]
 13942 | D:12     | Gained mutation: Your movements are slightly less encumbered by armour. (ER -2) [mutagenic meat]
 13945 | D:12     | Gained mutation: Scrolls take you much longer to read. [mutagenic meat]
 13950 | D:12     | Learned a level 4 spell: Summon Ice Beast
 14046 | D:12     | Reached skill level 1 in Summonings
 14059 | D:12     | Reached skill level 1 in Ice Magic
 14248 | D:12     | Noticed a purple ugly thing
 14262 | D:12     | Killed a purple ugly thing
 14268 | D:12     | Gained mutation: Your system is resistant to poisons. (rPois) [mutagenic meat]
 14385 | D:12     | Reached *** piety under Kikubaaqudgha
 14385 | D:12     | Identified Kikubaaqudgha's Catalogue of Evil (Kikubaaqudgha gifted it to you on level 12 of the Dungeon)
 14385 | D:12     | Received a gift from Kikubaaqudgha
 14398 | D:12     | Learned a level 5 spell: Bolt of Draining
 14405 | D:12     | Learned a level 6 spell: Simulacrum
 14642 | D:11     | Killed Urug
 14935 | D:10     | Noticed an unseen horror
 14959 | D:10     | Killed an unseen horror
 14959 | D:10     | Reached skill level 1 in Conjurations
 15229 | Lair:1   | Entered Level 1 of the Lair of Beasts
 15481 | Lair:1   | Reached skill level 8 in Dodging
 16392 | Lair:2   | Reached XP level 12. HP: 85/85 MP: 9/25
 16559 | Lair:2   | Found a staircase to the Snake Pit.
 16605 | Lair:2   | Reached **** piety under Kikubaaqudgha
 16608 | Lair:2   | Noticed a six-headed hydra
 16950 | Lair:2   | Killed a one-headed hydra
 17239 | Lair:2   | Reached skill level 5 in Ice Magic
 17625 | Lair:3   | Reached skill level 9 in Dodging
 17670 | Lair:3   | Noticed an ice dragon
 17672 | Lair:3   | Noticed an ice dragon
 17673 | Lair:3   | Noticed a five-headed hydra
 17694 | Lair:3   | Killed a two-headed hydra
 17716 | Lair:3   | Killed an ice dragon
 17716 | Lair:3   | Reached skill level 5 in Conjurations
 17851 | Lair:3   | Killed an ice dragon
 17851 | Lair:3   | Reached skill level 10 in Long Blades
 19177 | Lair:4   | Noticed a five-headed hydra
 19186 | Lair:4   | Killed a five-headed hydra
 19411 | Lair:4   | Noticed a reaper
 19473 | Lair:4   | HP: 4/85 [boulder beetle (35)]
 19480 | Lair:4   | Reached XP level 13. HP: 6/91 MP: 5/26
 20056 | Lair:4   | Found a staircase to the Swamp.
 20176 | Lair:4   | Reached skill level 5 in Stealth
 20866 | Lair:5   | Reached ***** piety under Kikubaaqudgha
 21792 | Lair:6   | Entered Level 6 of the Lair of Beasts
 21818 | Lair:6   | Reached skill level 1 in Short Blades
 21896 | Lair:6   | Found a runed door.
 21896 | Lair:6   | Found a viscous altar of Jiyva.
 21897 | Lair:6   | Noticed an acid blob
 21897 | Lair:6   | Noticed an acid blob
 21900 | Lair:6   | Found a staircase to the Slime Pits.
 22310 | Lair:6   | Learned a level 2 spell: Repel Missiles
 22330 | Lair:6   | Reached skill level 10 in Dodging
 22670 | Lair:6   | Reached XP level 14. HP: 85/99 MP: 17/28
 22776 | Lair:6   | Identified a +4 rod of inaccuracy (11/11) (You found it on level 6 of the Lair of Beasts)
 23050 | Lair:6   | Noticed an acid blob
 23239 | Lair:2   | Reached skill level 5 in Short Blades
 23522 | D:10     | Reached ****** piety under Kikubaaqudgha
 23854 | D:13     | Found a snail-covered altar of Cheibriados.
 23964 | D:13     | Noticed Frances
 23985 | D:13     | Killed Frances
 24046 | D:13     | Found Piasir's Jewellery Shoppe.
 24165 | D:13     | Reached skill level 5 in Armour
 24188 | D:13     | Gained mutation: Your movements are less encumbered by armour. (ER -4) [mutagenic meat]
 24193 | D:13     | Lost mutation: Scrolls take you much longer to read. [mutagenic meat]
 24283 | D:14     | Noticed Sonja
 24292 | D:14     | Killed Sonja
 24302 | D:14     | Noticed Josephine
 24350 | D:14     | Killed Josephine
 24737 | D:14     | Found a gate to the Vaults.
 24953 | Orc:1    | Entered Level 1 of the Orcish Mines
 25266 | Orc:2    | Entered Level 2 of the Orcish Mines
 25266 | Orc:2    | Found a staircase to the Elven Halls.
 25611 | Orc:2    | Noticed a stone giant
 25632 | Orc:2    | Killed a stone giant
 25694 | Orc:2    | Noticed Erolcha
 25702 | Orc:2    | Killed Erolcha
 25920 | Orc:2    | Found Daoff's General Store.
 26168 | Orc:2    | Reached skill level 11 in Dodging
 26254 | Orc:2    | Reached XP level 15. HP: 74/108 MP: 0/29
 26346 | Orc:2    | Found Qubivy's Food Boutique.
 26349 | Orc:2    | Found Aquozet's Antique Weapon Boutique.
 26368 | Orc:2    | Found Xonuxoshre's Jewellery Shop.
 26741 | D:13     | Bought the ring "Uwacurep" {EV+5 Dex+3} for 1092 gold pieces
 27127 | D:14     | Noticed Snorg
 27135 | D:14     | Killed Snorg
 27337 | D:14     | Gained mutation: You have a pair of small horns on your head. [mutagenic meat]
 27340 | D:14     | Lost mutation: Your magical capacity is low. (-10% MP) [mutagenic meat]
 27349 | D:14     | Gained mutation: You occasionally shout uncontrollably at your foes. [mutagenic meat]
 27354 | D:15     | Entered Level 15 of the Dungeon
 27450 | D:15     | Reached skill level 12 in Dodging
 27562 | D:15     | Found a staircase to the Depths.
 27705 | D:15     | Noticed Nessos
 27718 | D:15     | Killed Nessos
 27886 | D:15     | Reached skill level 5 in Summonings
 28647 | Lair:1   | Learned a level 2 spell: Sublimation of Blood
 28724 | Snake:1  | Entered Level 1 of the Snake Pit
 28975 | D:11     | You paid a toll of 2 potions of cure mutation to enter a treasure trove
 28976 | Trove    | Entered a treasure trove
 28981 | Trove    | Got a smoking wooden ring
 28989 | Trove    | Got a shimmering bone amulet
 28993 | Trove    | Got a scorched tin ring
 29003 | Trove    | Got a coiled tin ring
 29005 | Trove    | Got a sparkling lapis lazuli ring
 29007 | Trove    | Got a steaming silver ring
 29019 | D:11     | Identified the ring of the Peasants {rF+ Int+2 Dex+4 Stlth+} (You found it in a treasure trove)
 29027 | D:11     | Identified the ring "Womuydusk" {Fire *Contam Str+4 Dex+7 Stlth+} (You found it in a treasure trove)
 29170 | Lair:1   | Identified the amulet of Recklessness {Gourm rPois Str+2 Dex-2} (You found it in a treasure trove)
 29182 | Lair:1   | Identified the ring "Yliud" {rPois rF+ MR++ Int-3 Dex+2} (You found it in a treasure trove)
 29184 | Lair:1   | Identified the ring of Peace {rElec MP+9 Int+2 Stlth-} (You found it in a treasure trove)
 29186 | Lair:1   | Identified the ring "Deec" {rCorr rElec Int+3 Stlth+} (You found it in a treasure trove)
 29289 | Snake:1  | Noticed Fhqwhgads's ghost (journeyman GrEE)
 29299 | Snake:1  | Reached skill level 13 in Dodging
 29348 | Snake:1  | Killed Fhqwhgads's ghost
 29470 | Snake:1  | Noticed Donald
 29486 | Snake:1  | Slain by Donald

Vault maps used:
D:1:      lightli_arrival_windingriver, minmay_pentomino_q4
D:3:      first_bread, minmay_misc_feat_roman, bh_chokoban, uniq_jessica
D:4:      enter_ossuary_5
D:5:      overflow_temple_1_default, serial_shops, shop_fountains, uniq_grinder,
          uniq_edmund
D:6:      nicolae_overflow_hidden_temple
D:8:      lair_0_dummy, hangedman_ranch
D:9:      minmay_weird_star, uniq_pikel
D:11:     orc_0_dummy, nicolae_trove_entry_crossroad, tgw_sif, uniq_urug
D:13:     serial_shops, shop, basic_altar, uniq_frances
D:14:     grunt_vaults_entry_tiered, serial_glass, glass_columns_b,
          glass_columns_a, item_on_display_a, unseen_surprise_small,
          minmay_strange_pillars, minmay_strange_pillars, uniq_nessos,
          uniq_josephine, uniq_sonja, uniq_snorg
D:15:     gammafunk_depths_entry_grave, corexii_leaking_fountain
Temple:   regret_index_temple_waves
Lair:2:   minmay_snake_entry_guardpost_small, lemuel_fruit_tree
Lair:3:   ldierk_geyser, minmay_guarded_unrand_chilly_death,
          infiniplex_staircase_pool_2
Lair:4:   boulder_dual_corridor_run, swamp_mist_pool
Lair:5:   st_stairs_10
Lair:6:   evilmike_catoblepas_cave, slime_altar_2, guppyfry_lair_drakes
Snake:1:  serial_bayou_crossing, uniq_donald
Orc:2:    st_orc_open, uniq_erolcha
Trove:    trove_jewel_2
Ossuary:  ossuary_zaba_two_paths

Skill      XL: |  1  2  3  4  5  6  7  8  9 10 11 12 13 14 15 |
---------------+----------------------------------------------+-----
Necromancy     | 5 6 8 9 11 12 | 12.0
Spellcasting   | 4 5 6 7 9 10 11 | 11.4
Charms         | 1 2 3 |  3.0
Fighting       | 1 2 4 6 7 9 |  9.0
Long Blades    | 2 5 8 10 | 10.3
Armour         | 1 3 5 6 |  6.1
Dodging        | 3 6 8 9 10 11 13 | 13.2
Summonings     | 2 5 |  5.2
Ice Magic      | 3 6 7 8 |  8.1
Conjurations   | 3 5 7 |  7.0
Stealth        | 4 9 |  9.8
Short Blades   | 4 8 |  8.8

Action                   |  1- 3 |  4- 6 |  7- 9 | 10-12 | 13-15 || total
-------------------------+-------+-------+-------+-------+-------++-------
Melee: Short sword       |       |    10 |       |       |       ||    10
       Dagger            |       |   227 |   118 |    99 |  1455 ||  1899
       Quarterstaff      |       |       |    46 |       |       ||    46
       Flail             |       |       |   116 |       |       ||   116
       Bite              |       |       |     4 |   194 |   162 ||   360
       Falchion          |       |       |     3 |  1307 |       ||  1310
       Unarmed           |       |       |       |     4 |       ||     4
       Headbutt          |       |       |       |       |    84 ||    84
 Cast: Pain              |    65 |    55 |   183 |   114 |       ||   417
       Regeneration      |       |     9 |    16 |    30 |    29 ||    84
       Animate Dead      |       |     2 |    18 |    30 |    57 ||   107
       Vampiric Draining |       |     1 |    13 |    20 |     5 ||    39
       Bolt of Draining  |       |       |       |    39 |    47 ||    86
       Summon Ice Beast  |       |       |       |    14 |    24 ||    38
       Simulacrum        |       |       |       |     2 |    29 ||    31
       Repel Missiles    |       |       |       |       |     4 ||     4
Invok: Receive Corpses   |       |       |       |     1 |       ||     1
       Torment           |       |       |       |       |     1 ||     1
 Abil: Evoke Berserk Rag |       |     2 |     5 |     1 |       ||     8
       Evoke Blink       |       |       |       |     1 |       ||     1
Evoke: Wand              |       |       |     4 |     5 |     6 ||    15
  Use: Scroll            |     1 |    11 |     6 |     9 |    11 ||    38
       Potion            |       |       |     5 |     9 |     1 ||    15
 Stab: Sleeping          |       |     9 |     1 |    13 |    28 ||    51
       Distracted        |       |       |     1 |     9 |    13 ||    23
       Paralysed         |       |       |       |       |     2 ||     2
       Petrified         |       |       |       |       |     1 ||     1
  Eat: Chunk             |     4 |     7 |    19 |    32 |    42 ||   104
       Fruit             |       |     2 |     6 |     7 |     4 ||    19
       Bread ration      |       |     1 |     1 |       |     1 ||     3
       Beef jerky        |       |       |       |     1 |     1 ||     2
       Pizza             |       |       |       |     1 |       ||     1
       Meat ration       |       |       |       |     2 |     2 ||     4
Armor: Robe              |     1 |     6 |   107 |       |       ||   114
       Leather armour    |       |   134 |    32 |   287 |   164 ||   617
       Troll leather arm |       |       |       |       |    44 ||    44
Dodge: Dodged            |     2 |   318 |   293 |   651 |   822 ||  2086
       Deflected         |       |       |       |       |    17 ||    17
Block: Other             |       |       |       |     7 |    33 ||    40
       Reflection        |       |       |       |       |     1 ||     1
